Match 42269578
Unlisted

Match 42269578
End
Engineer Squad
Construct Barracks
Riflemen Squad
Riflemen Squad
Riflemen Squad
Selects Airborne Battlegroup
Selects Heavy Machine Gun Paradrop
Selects Paratrooper Squad Paradrop
Paratrooper Squad Paradrop
Air Support Center
Grenade Package
Construct Medical Station
P-47 Strafing Run
Selects Anti-tank Gun Team Paradrop
Grasshopper Recon Run
Construct Tank Depot
P-47 Strafing Run
Grasshopper Recon Run
Anti-tank Gun Team Paradrop
P-47 Strafing Run
P-47 Strafing Run
M4(105) Sherman Bulldozer
Grasshopper Recon Run
Riflemen Squad
P-47 Strafing Run
M4(105) Sherman Bulldozer
Riflemen Squad
P-47 Strafing Run
P-47 Dive Bomb
MxCarnage!!
سَۨفُـيٰانۨوٰس
0
0

Comments sign in to comment!

No comments posted yet!